 Dungeon Crawl Stone Soup version 0.25-a0-201-g0bb11aece9 (webtiles) character file.

Game seed: 10652851959948001812, levelgen mode: deterministic

12636 floatRand the Demonic Disaster (level 11, 0/81 HPs)
             Began as a Demonspawn Fighter on Dec 2, 2019.
             Was a Believer of Qazlal.
             Killed from afar by an electric eel (11 damage)
             ... with a bolt of electricity
             ... on level 1 of the Lair of Beasts.
             The game lasted 00:16:02 (11283 turns).

floatRand the Demonic Disaster (DsFi)              Turns: 11283, Time: 00:16:03

Health: 0/81       AC: 20    Str: 22    XL:     11   Next: 65%
Magic:  20/20      EV: 10    Int:  9    God:    Qazlal [**....]
Gold:   605        SH:  8    Dex: 16    Spells: 10/10 levels left

rFire    + . .     SeeInvis +   G - +3 great sword (freeze)
rCold    + . .     Gourm    .   (shield currently unavailable)
rNeg     . . .     Faith    .   M - +2 chain mail
rPois    .         Spirit   .   (helmet unavailable)
rElec    .         Reflect  +   b - +1 cloak {+Inv}
rCorr    .         Harm     .   p - +0 pair of gloves
MR       .....     Clarity  +   u - +1 pair of boots
Stlth    ..........             y - +5 amulet of reflection
HPRegen  0.23/turn              n - +5 ring of strength
MPRegen  0.17/turn              d - ring of protection from fire

@: no status effects
A: antennae 3, molten scales 2, clarity, cold resistance 1, powered by pain 2,
screaming 1
a: Upheaval, Renounce Religion, Evoke Invisibility


You were on level 1 of the Lair of Beasts.
You worshipped Qazlal.
Qazlal was pleased with you.
You were not hungry.

You visited 3 branches of the dungeon, and saw 14 of its levels.
You also visited: Ossuary.

You collected 605 gold pieces.

Inventory:

Hand Weapons
 m - a +2 short sword of draining
 G - a +3 great sword of freezing (weapon)
 I - a +4 great sword
Armour
 b - a +1 cloak of invisibility (worn)
 c - a +0 shield
 i - a +2 hat
 p - a +0 pair of gloves (worn)
 q - a +0 cloak
 u - a +1 pair of boots (worn)
 M - a +2 chain mail (worn)
Jewellery
 d - a ring of protection from fire (right hand)
 j - an uncursed amulet of rage
 n - a +5 ring of strength (left hand)
 y - a +5 amulet of reflection (around neck)
 J - an uncursed ring of protection from cold {unknown}
 K - an uncursed ring of positive energy
Wands
 h - a wand of flame (29)
 E - a wand of digging (6)
 L - a wand of scattershot (5)
Scrolls
 e - 6 scrolls of remove curse
 g - 6 scrolls of enchant armour
 l - 4 scrolls of amnesia
 o - a scroll of identify
 B - 5 scrolls of blinking
 C - 4 scrolls of teleportation
 D - a scroll of vulnerability
Potions
 a - a potion of invisibility
 k - a potion of cancellation {unknown}
 r - a potion of resistance
 s - a potion of ambrosia {unknown}
 t - 6 potions of brilliance
 v - 2 potions of mutation
 w - 3 potions of flight
 x - a potion of haste {unknown}
 z - 3 potions of curing
 A - a potion of lignification
 F - a potion of magic {unknown}
 H - 2 potions of heal wounds {unknown}
Comestibles
 f - 25 rations
 N - 4 chunks of flesh


   Skills:
 + Level 6.0 Fighting
 + Level 9.3 Long Blades
 + Level 5.5 Armour
 + Level 4.4 Dodging
 - Level 8.3 Shields
 + Level 12.7 Invocations


You had 10 spell levels left.
You didn't know any spells.
Your spell library was empty.

Dungeon Overview and Level Annotations

Branches:
Dungeon (12/15)            Temple (1/1) D:5            Lair (1/6) D:9
    Orc (0/2) D:10        Ossuary (visited)

Altars:
Ashenzari
Cheibriados
Dithmenos
Elyvilon
Fedhas
Gozag
Hepliaklqana
Kikubaaqudgha
Makhleb
Nemelex Xobeh
Okawaru
Qazlal
Ru
Sif Muna
Trog
Uskayaw
Vehumet
Wu Jian
Xom
Yredelemnul
Zin
The Shining One
Beogh

Annotations:
D:3 1 runed translucent door, Leeroy's ghost, amateur DrCj


Innate Abilities, Weirdness & Mutations

You have a pair of large antennae on your head. (SInv)
You are mostly covered in molten scales. (AC +3)
Your flesh is cold resistant. (rC+)
You sometimes gain power by taking damage.
You possess an exceptional clarity of mind.
You occasionally shout uncontrollably at your foes.


Message History

You block the black mamba's attack.
Unknown command.
It was a potion of mutation.
You feel extremely strange.
You feel the urge to shout.
The antennae on your head grow some more.
Your +2 hat falls away!
Your thoughts seem clearer.
The black mamba closely misses you. The black mamba completely misses you.
You feel better. The black mamba misses you.
You riposte.
Your chain mail prevents you from hitting the black mamba.
The black mamba closely misses you.
You riposte.
Your chain mail prevents you from hitting the black mamba.
Unknown command.
Unknown command.
You hit the electric eel. You freeze the electric eel.
The electric eel is moderately wounded.
You block the black mamba's attack.
The electric eel shoots out a bolt of lightning at you!
The bolt of electricity hits you!
You die...

..........P#...#≈≈≈P≈
..##...........≈♣≈≈≈≈
#......##...P≈♣≈♣
#......##...≈♣P≈P
########P...♣≈≈≈≈≈
..####.####...♣≈≈≈≈≈≈
.......<.÷....≈♣♣≈≈≈≈
..............;≈P≈≈≈≈
............S@♣♣≈≈≈≈≈
..............♣ ≈P≈≈≈
.##[.#.##.....♣ ≈≈≈≈
........#....♣P≈ ≈≈≈
.#............≈♣ ≈≈≈
#............≈≈≈P
+............#≈♣≈≈
P.......#....≈P≈≈P
#.......#....#♣♣≈≈


You could see a black mamba and an electric eel.

Vanquished Creatures
  A hell beast (D:11)
  The ghost of mcbry the Cleaver, a novice HOFi of Makhleb (D:9)
  2 two-headed ogres
  2 tengu warriors (D:11)
  An ugly thing (D:11)
  A rust devil (D:11)
  A komodo dragon (Lair:1)
  3 hippogriffs
  Sigmund (D:6)
  4 hogs (D:7)
  A human (D:7)
  A hungry ghost (D:9)
  A warg (D:9)
  2 soldier ants (D:11)
  A water moccasin (D:10)
  7 orc warriors
  4 sky beasts
  3 ice beasts
  2 black bears
  4 ogres
  A phantom (D:11)
  2 necrophages
  11 centaurs
  3 crocodiles
  A big kobold (D:9)
  7 bullfrogs
  3 water moccasin zombies (Ossuary)
  A wyvern skeleton (D:11)
  2 scorpions
  3 killer bees (D:9)
  10 wights
  A howler monkey (D:11)
  2 crimson imps
  4 jellies
  4 orc wizards (D:10)
  2 bullfrog skeletons
  3 orc priests
  6 hounds
  4 iron imps (D:11)
  2 iguanas
  9 worker ants
  5 big kobold zombies (Ossuary)
  2 hound zombies
  2 hound skeletons
  2 mummies (Ossuary)
  7 gnolls
  7 adders
  4 shadow imps
  An ooze (D:1)
  An adder skeleton (D:7)
  6 adder zombies
  A dart slug (D:3)
  7 leopard geckos
  27 orcs
  4 ball pythons
  3 giant cockroaches
  3 gnoll zombies (Ossuary)
  5 goblins
  6 hobgoblins
  8 jackals
  8 kobolds
  5 quokkas
  3 bats (D:1)
  6 frilled lizards
  3 hobgoblin zombies (Ossuary)
  A jackal skeleton (D:4)
  7 kobold zombies (Ossuary)
  2 leopard gecko zombies
  4 orc zombies (Ossuary)
  5 rats
269 creatures vanquished.

Vanquished Creatures (others)
  A centaur (D:6)
  A plant (Lair:1)
2 creatures vanquished.

Grand Total: 271 creatures vanquished

Notes
Turn   | Place    | Note
-------+----------+-------------------------------------------
     0 | D:1      | floatRand the Demonspawn Fighter began the quest for the
                  | Orb.
     0 | D:1      | Reached XP level 1. HP: 18/18 MP: 1/1
   102 | D:1      | Gained mutation: You have a pair of small antennae on your
                  | head. [demonic ancestry]
   102 | D:1      | Reached XP level 2. HP: 24/24 MP: 2/2
   959 | D:2      | Gained mutation: You have a pair of antennae on your head.
                  | [demonic ancestry]
   959 | D:2      | Reached XP level 3. HP: 29/29 MP: 3/3
  1568 | D:3      | Reached XP level 4. HP: 33/35 MP: 4/4
  2178 | D:3      | Found a runed translucent door.
  2178 | D:3      | Noticed Leeroy's ghost (amateur DrCj)
  2345 | D:4      | Noticed an ogre
  2356 | D:4      | Killed an ogre
  2356 | D:4      | Gained mutation: Your flesh is cold resistant. (rC+)
                  | [demonic ancestry]
  2356 | D:4      | Reached XP level 5. HP: 28/41 MP: 5/5
  2476 | D:4      | Found an opulent altar of Gozag.
  2557 | D:4      | Found a sand-covered staircase.
  2565 | Ossuary  | Entered an ossuary
  2596 | Ossuary  | Gained mutation: You sometimes gain a little power by
                  | taking damage. [demonic ancestry]
  2596 | Ossuary  | Reached XP level 6. HP: 42/47 MP: 6/6
  2633 | Ossuary  | Reached skill level 5 in Shields
  2815 | Ossuary  | Reached skill level 5 in Long Blades
  2815 | Ossuary  | Reached XP level 7. HP: 39/52 MP: 7/7
  3472 | D:5      | Entered Level 5 of the Dungeon
  3516 | D:5      | Found a staircase to the Ecumenical Temple.
  3548 | Temple   | Entered the Ecumenical Temple
  3821 | D:5      | Found an iron altar of Okawaru.
  4042 | D:5      | Found a shadowy altar of Dithmenos.
  4045 | D:5      | Found a bloodstained altar of Trog.
  4048 | D:5      | Found a shattered altar of Ashenzari.
  4051 | D:5      | Found a stormy altar of Qazlal.
  4195 | D:5      | Became a worshipper of Qazlal Stormbringer
  4265 | D:6      | Reached skill level 1 in Invocations
  4281 | D:6      | Reached skill level 2 in Invocations
  4298 | D:6      | Reached skill level 3 in Invocations
  4298 | D:6      | Gained mutation: You are partially covered in molten
                  | scales. (AC +2) [demonic ancestry]
  4298 | D:6      | Reached XP level 8. HP: 52/57 MP: 10/10
  4309 | D:6      | Reached skill level 4 in Invocations
  4494 | D:6      | Noticed Sigmund
  4514 | D:6      | Killed Sigmund
  4514 | D:6      | Reached skill level 5 in Invocations
  4762 | D:6      | Reached * piety under Qazlal
  4762 | D:6      | Reached skill level 6 in Invocations
  5259 | D:7      | Reached skill level 7 in Invocations
  5392 | D:7      | Reached XP level 9. HP: 48/62 MP: 14/14
  5641 | D:7      | Reached skill level 8 in Invocations
  5816 | D:7      | Reached skill level 9 in Invocations
  6210 | D:8      | Reached skill level 10 in Invocations
  6913 | D:8      | Reached ** piety under Qazlal
  7065 | D:8      | Gained mutation: You are mostly covered in molten scales.
                  | (AC +3) [demonic ancestry]
  7065 | D:8      | Reached XP level 10. HP: 57/69 MP: 17/17
  7452 | D:9      | Found a staircase to the Lair.
  7585 | D:9      | Reached skill level 11 in Invocations
  8054 | D:9      | Noticed a two-headed ogre
  8063 | D:9      | Killed a two-headed ogre
  8063 | D:9      | Reached skill level 1 in Dodging
  8272 | D:9      | Found a runed translucent gate.
  8272 | D:9      | Identified the cursed +0 war axe of Redir {holy, rPois
                  | Str+5}
  8272 | D:9      | Identified the +6 scale mail "Woesm" {+Fly MP-9 Dex+3}
  8488 | D:9      | Found a runed translucent gate.
  8489 | D:9      | Found a runed translucent gate.
  8539 | D:9      | Noticed mcbry's ghost (novice HOFi)
  8542 | D:9      | Found a roughly hewn altar of Beogh.
  8568 | D:9      | Killed mcbry's ghost
  8888 | D:10     | Entered Level 10 of the Dungeon
  9333 | D:10     | Found a staircase to the Orcish Mines.
 10058 | D:11     | Noticed a two-headed ogre
 10069 | D:11     | Killed a two-headed ogre
 10069 | D:11     | Reached skill level 12 in Invocations
 10069 | D:11     | Gained mutation: You sometimes gain power by taking damage.
                  | [demonic ancestry]
 10069 | D:11     | Reached XP level 11. HP: 62/77 MP: 18/20
 10122 | D:11     | Reached skill level 5 in Fighting
 10139 | D:11     | Reached *** piety under Qazlal
 10146 | D:11     | Noticed a tengu warrior
 10146 | D:11     | Noticed a red ugly thing
 10152 | D:11     | Noticed a tengu warrior
 10170 | D:11     | Killed a tengu warrior
 10184 | D:11     | Killed a red ugly thing
 10199 | D:11     | HP: 5/118 [tengu warrior/+0 long sword of protection[a
                  | tengu warrior] (1)]
 10204 | D:11     | HP: 4/118 [tengu warrior/+0 long sword of protection[a
                  | tengu warrior] (3)]
 10209 | D:11     | Killed a tengu warrior
 10209 | D:11     | Reached skill level 5 in Armour
 10882 | D:11     | Noticed a hell beast
 10885 | D:11     | Found an ancient bone altar of Kikubaaqudgha.
 10954 | D:11     | Killed a hell beast
 11128 | D:12     | Found a hazy altar of Hepliaklqana.
 11232 | Lair:1   | Entered Level 1 of the Lair of Beasts
 11280 | Lair:1   | HP: 3/80 [poisoned by a black mamba]
 11281 | Lair:1   | Gained mutation: You occasionally shout uncontrollably at
                  | your foes. [potion of mutation]
 11281 | Lair:1   | Gained mutation: You have a pair of large antennae on your
                  | head. (SInv) [potion of mutation]
 11281 | Lair:1   | Gained mutation: You possess an exceptional clarity of
                  | mind. [potion of mutation]
 11283 | Lair:1   | Killed from afar by an electric eel

Levels and vault maps discovered:
D:1:      eino_arrival_tree_alley, layout_basic
D:2:      layout_rooms, guppyfry_early_orc_mine
D:3:      layout_loops_ring, ebering_ghost_sewer_d, serial_bayou_pond_d
D:4:      layout_loops_cross, nicolae_gozag_cash_rules_everything_around_me,
          first_ration, serial_glass, glass_columns_a, glass_columns_c,
          glass_columns_c, chequers_ossuary_entry_cave
D:5:      layout_loops_ring, grunt_temple_overflow_cloverleaf,
          minmay_temple_entry_slanted, kennysheep_okawaru_gauntlet
D:6:      layout_basic, uniq_sigmund
D:7:      layout_loops_cross, grunt_livestock
D:8:      layout_loops_ring, kennysheep_generic_room_14
D:9:      layout_irregular_city, lair_entry_dummy, biasface_ghost_orc_armoury
D:10:     layout_long_grid, david_orc_2, minivault_22
D:11:     layout_cave_pools, lemuel_hellish_altar
D:12:     cheibrodos_orc_bank, layout_rooms, basic_altar,
          kennysheep_generic_room_12
Temple:   minmay_temple_bridge_d
Lair:1:   layout_regular_city, serial_bayou, serial_bayou_pond_e,
          serial_bayou_pond_b, serial_bayou_shore_a, serial_bayou_lake_a,
          serial_bayou_pond_a, beast_lair_carwin_4, grunt_megastairs_5

Skill      XL: |  1  2  3  4  5  6  7  8  9 10 11 |
---------------+----------------------------------+-----
Long Blades    | 2 3 4 5 6 7 8 9 |  9.3
Shields        | 3 4 5 6 7 8 |  8.3
Invocations    | 3 7 10 12 | 12.7
Armour         | 4 5 |  5.5
Dodging        | 3 4 |  4.4
Fighting       | 4 6 |  6.0

Action                   |  1- 3 |  4- 6 |  7- 9 | 10-12 || total
-------------------------+-------+-------+-------+-------++-------
Melee: Long sword        |    52 |   162 |   157 |       ||   371
       Short sword       |    51 |    65 |   273 |       ||   389
       Great sword       |       |       |    49 |   266 ||   315
Invok: Upheaval          |       |       |       |    10 ||    10
Evoke: Wand              |       |       |       |     2 ||     2
  Use: Scroll            |       |     9 |    11 |     3 ||    23
       Potion            |       |       |     1 |     6 ||     7
 Stab: Invisible         |       |       |       |     3 ||     3
  Eat: Chunk             |     2 |     4 |    12 |    15 ||    33
       Ration            |       |       |     1 |       ||     1
Armor: Scale mail        |    41 |    66 |   152 |    47 ||   306
       Chain mail        |       |       |       |   124 ||   124
       Skin              |       |       |       |    31 ||    31
Dodge: Dodged            |    32 |    41 |   113 |   127 ||   313
Block: Shield            |    45 |   144 |   346 |       ||   535
       Reflection        |       |       |     4 |     5 ||     9
       Other             |       |       |    20 |   117 ||   137
       Rpst.: Long sword |     8 |     9 |     7 |       ||    24
       Great sword       |       |       |     8 |    35 ||    43

Table legend:
 A = Non-vault XP
 B = Vault XP
 C = Vault XP percentage of total XP
 D = Non-vault monster count
 E = Vault monster count
 F = Vault count percentage of total count
                 A         B        C        D         E       F
            +---------+---------+-------+---------+---------+-------
      Total |   13090 |    4962 |  27.5 |     199 |      71 |  26.3
            +---------+---------+-------+---------+---------+-------
        D:1 |      36 |       0 |   0.0 |      17 |       0 |   0.0
        D:2 |      21 |      16 |  43.2 |      14 |       7 |  33.3
        D:3 |      90 |       0 |   0.0 |      14 |       0 |   0.0
        D:4 |     331 |       0 |   0.0 |      18 |       0 |   0.0
        D:5 |     119 |       0 |   0.0 |       1 |       0 |   0.0
        D:6 |     995 |     231 |  18.8 |      22 |       1 |   4.3
        D:7 |     978 |     962 |  49.6 |      18 |       5 |  21.7
        D:8 |    1512 |       1 |   0.1 |      23 |       1 |   4.2
        D:9 |    2073 |    1547 |  42.7 |      21 |      12 |  36.4
       D:10 |     888 |     154 |  14.8 |      15 |       8 |  34.8
       D:11 |    5605 |    1609 |  22.3 |      34 |       6 |  15.0
     Lair:1 |     442 |       0 |   0.0 |       2 |       0 |   0.0
    Ossuary |       0 |     442 | 100.0 |       0 |      31 | 100.0
            +---------+---------+-------+---------+---------+-------
